 Dungeon Crawl Stone Soup version 0.30-a0-335-ge5acde7520 (webtiles) character file.

Game seed: 12873375165182737244

4301 Lobster4 the Geomancer (level 10, -2/53 HPs)
             Began as a Gargoyle Earth Elementalist on Oct 31, 2022.
             Was a Believer of Vehumet.
             Slain by a two-headed ogre
             ... wielding a +0 giant spiked club
              (10 damage)
             ... on level 8 of the Dungeon.
             The game lasted 00:31:25 (8214 turns).

Lobster4 the Geomancer (GrEE)                       Turns: 8214, Time: 00:31:26

Health: -2/53      AC: 18    Str: 18    XL:     10   Next: 32%
Magic:  7/19       EV: 12    Int: 20    God:    Vehumet [**....]
Gold:   257        SH:  0    Dex: 10    Spells: 14/21 levels left

rFire   x . .      SeeInvis .    a - +5 short sword (freeze)
rCold   + . .      Faith    .    e - orb {light}
rNeg    + . .      Spirit   .    G - +0 steam dragon scales
rPois   ∞          Reflect  .    (no helmet)
rElec   +          Harm     .    B - +0 cloak
rCorr   .          Rampage  .    m - +1 pair of gloves
Will    .....                    C - +0 pair of boots
Stlth   +.........               (no amulet)
HPRegen 0.28/turn                q - +6 ring of strength
MPRegen 0.16/turn                i - ring of ice

@: glowing
A: sickness immunity, AC +7, negative energy resistance 1, electricity
resistance, torment resistance 1, petrification resistance
a: Renounce Religion


You were on level 8 of the Dungeon.
You worshipped Vehumet.
Vehumet was pleased with you.
You visited 2 branches of the dungeon, and saw 9 of its levels.

You collected 347 gold pieces.
You spent 90 gold pieces at shops.

Inventory:

Hand Weapons
 a - a +5 short sword of freezing (weapon)
 b - a +0 sling
 g - a +2 dagger of electrocution
 k - a +5 short sword
 K - a +2 short sword of holy wrath
Missiles
 v - 4 boomerangs (quivered)
 H - 24 poisoned darts
Armour
 e - an orb of light (worn)
 m - a +1 pair of gloves (worn)
 A - the +1 leather armour "Niamipoa" {rElec MP+9}
   (You took it off an orc on level 5 of the Dungeon)

   rElec:     It insulates you from electricity.
   MP:        It affects your magic capacity (+9).
 B - a +0 cloak (worn)
 C - a +0 pair of boots (worn)
 G - +0 steam dragon scales (worn)
Magical Staves
 z - a staff of cold
Jewellery
 i - a ring of ice (right hand)
 q - a +6 ring of strength (left hand)
 x - a ring of ice
 D - a +6 ring of dexterity
 I - a ring of fire
 N - a +6 ring of intelligence
Wands
 j - a wand of charming (4)
 u - a wand of flame (9)
 E - a wand of iceblast (11)
 J - a wand of acid (5)
Scrolls
 c - 2 scrolls of enchant weapon {unknown}
 f - 2 scrolls of immolation
 o - 2 scrolls of fog
 p - 2 scrolls of brand weapon
 s - a scroll of fear {unknown}
 w - a scroll of torment {unknown}
 y - a scroll of teleportation {unknown}
 M - a scroll of blinking {unknown}
Potions
 d - 4 potions of flight {unknown}
 h - 3 potions of curing
 l - 2 potions of heal wounds
 n - a potion of haste
 r - a potion of magic
 t - 2 potions of brilliance
 F - a potion of berserk rage
 L - a potion of might


   Skills:
 - Level 2.0 Fighting
 - Level 2.0 Short Blades
 + Level 0.0 Throwing
 + Level 6.6 Armour
 - Level 2.0 Dodging
 - Level 3.0 Stealth
 + Level 6.0 Spellcasting
 + Level 4.5 Conjurations
 - Level 1.0 Transmutations
 - Level 3.0 Air Magic
 * Level 11.0 Earth Magic
 - Level 3.0 Evocations


You had 14 spell levels left.
You knew the following spells:

 Your Spells              Type           Power      Damage    Failure   Level
a - Shock                 Conj/Air       84%        1d8       2%          1
b - Sandblast             Erth           100%       2d20      1%          1
c - Stone Arrow           Conj/Erth      74%        3d11      1%          3
d - Passwall              Tmut/Erth      25%        N/A       1%          2

Your spell library contained the following spells:

 Spells                   Type           Power      Damage    Failure   Level
 Static Discharge         Conj/Air       42%        2-4/arc   3%          2
 Beastly Appendage        Tmut           20%        N/A       7%          1
 Petrify                  Tmut/Erth      30%        N/A       9%          4
 Wereblood                Tmut           10%        N/A       11%         2
 Spider Form              Tmut/Pois      8%         N/A       26%         3
 Portal Projectile        Hex/Tloc       12%        N/A       30%         3
 Tukima's Dance           Hex            6%         N/A       30%         3
 Blade Hands              Tmut           5%         N/A       88%         5


Dungeon Overview and Level Annotations

Branches:
Dungeon (8/15)             Temple (1/1) D:4
   Lair: D:8-11

Altars:
Cheibriados
Dithmenos
Elyvilon
Fedhas
Gozag
Hepliaklqana
Kikubaaqudgha
Makhleb
Nemelex Xobeh
Okawaru
Qazlal
Ru
Sif Muna
Trog
Uskayaw
Vehumet
Wu Jian
Xom
Zin

Shops:
D:3 [   D:4 [

Annotations:
D:8 Pikel, Psyche
Temple 2 transporters


Innate Abilities, Weirdness & Mutations

You are immune to sickness and miasma.
Your stone body is resilient. (AC +7)
You are immune to poison.
You resist negative energy. (rN+)
You are resistant to electric shocks. (rElec)
You are resistant to unholy torment.
You are immune to petrification.


Message History

Things that are here:
a +0 whip; a +0 chain mail
There is a stone staircase leading up here.
Found a stone staircase leading down.
A two-headed ogre comes into view.
It is wielding two +0 giant spiked clubs.
The two-headed ogre shouts in stereo!
Casting: Sandblast (safe; 1% risk of failure)
Confirm with . or Enter, or press ? or * to list all spells.
Aiming: Stone Arrow (safe; 1% risk of failure)
Press: ? - help, Shift-Dir - straight line, f - two-headed ogre
Aim: a two-headed ogre, wielding two +0 giant spiked clubs (haloed, 91% to hit)
The stone arrow hits the two-headed ogre!!
The two-headed ogre is heavily wounded.
Casting: Stone Arrow (safe; 1% risk of failure)
Confirm with . or Enter, or press ? or * to list all spells.
Aiming: Stone Arrow (safe; 1% risk of failure)
Press: ? - help, Shift-Dir - straight line, f/p - two-headed ogre
Aim: a two-headed ogre, wielding two +0 giant spiked clubs (heavily wounded, haloed, 91% to hit)
The stone arrow hits the two-headed ogre!
The two-headed ogre is severely wounded.
The two-headed ogre barely misses you.
The two-headed ogre hits you with a +0 giant spiked club!
Casting: Stone Arrow (safe; 1% risk of failure)
Confirm with . or Enter, or press ? or * to list all spells.
Aiming: Stone Arrow (safe; 1% risk of failure)
Press: ? - help, Shift-Dir - straight line, f/p - two-headed ogre
Aim: a two-headed ogre, wielding two +0 giant spiked clubs (severely wounded, haloed, 91% to hit)
The stone arrow misses the two-headed ogre.
Casting: Stone Arrow (safe; 1% risk of failure)
Confirm with . or Enter, or press ? or * to list all spells.
Aiming: Stone Arrow (safe; 1% risk of failure)
Press: ? - help, Shift-Dir - straight line, f/p - two-headed ogre
Aim: a two-headed ogre, wielding two +0 giant spiked clubs (severely wounded, haloed, 91% to hit)
The stone arrow hits the two-headed ogre!
The two-headed ogre is almost dead.
The two-headed ogre hits you with a +0 giant spiked club!!
Ouch! That really hurt!
* * * LOW HITPOINT WARNING * * *
The two-headed ogre hits you with a +0 giant spiked club!
You die...

#...............#
#.#####.........# #.#
###......## #.#
####..[.....#
##.###...........#
##...............#
##.####.###...>..########
......#.# ##...#........#
........## #####@.......#
...............O........#
......##########........#
......## #>.......#
)......# ##########
........# ......#..#
......##.# .........#


You could see a two-headed ogre.

Vanquished Creatures
  Amaemon (D:8)
  An orange demon (D:8)
  Grinder (D:4)
  2 steam dragons
  Menkaure (D:4)
  Duvessa (D:6)
  2 orc warriors
  2 ice beasts
  2 sky beasts
  4 ogres
  A black bear (D:4)
  2 kobold brigands (D:8)
  A phantom (D:4)
  A bullfrog (D:8)
  A scorpion (D:5)
  3 necrophages
  8 wights
  Dowan (D:6)
  4 killer bees (D:8)
  A howler monkey (D:8)
  An orc priest (D:8)
  A jelly (D:5)
  A gnoll bouda (D:4)
  3 hounds
  3 orc wizards
  2 iguanas
  Ijyb (D:5)
  8 gnolls
  10 adders
  3 shadow imps
  3 worms (D:4)
  A dart slug (D:2)
  21 orcs
  6 bats
  4 endoplasms
  5 hobgoblins
  7 jackals (D:3)
  A quokka (D:3)
  5 ball pythons
  5 frilled lizards
  5 goblins
  15 kobolds
  6 rats
  A butterfly (D:6)
158 creatures vanquished.

Notes
Turn   | Place    | Note
-------+----------+-------------------------------------------
     0 | D:1      | Lobster4 the Gargoyle Earth Elementalist began the quest
                  | for the Orb.
     0 | D:1      | Reached XP level 1. HP: 10/10 MP: 3/3
    27 | D:1      | Found a faded altar of an unknown god.
   302 | D:1      | Reached XP level 2. HP: 15/15 MP: 3/5
   785 | D:1      | Reached skill level 1 in Transmutations
  1455 | D:2      | Reached skill level 4 in Earth Magic
  1533 | D:2      | Reached XP level 3. HP: 20/20 MP: 4/6
  1708 | D:3      | Found Hoammone's Armour Shop.
  1765 | D:3      | Reached skill level 1 in Armour
  2033 | D:3      | Reached skill level 1 in Fighting
  2233 | D:3      | Reached XP level 4. HP: 25/25 MP: 5/7
  2357 | D:3      | Learned a level 2 spell: Passwall
  2361 | D:3      | Learned a level 3 spell: Stone Arrow
  2430 | D:3      | Found an ornate altar of the Wu Jian Council.
  2659 | D:4      | Noticed a necrophage
  2665 | D:4      | Killed a necrophage
  2666 | D:4      | Reached XP level 5. HP: 19/29 MP: 1/8
  2756 | D:4      | Found a staircase to the Ecumenical Temple.
  2777 | D:4      | Found Xurchial's Antique Armour Boutique.
  2793 | Temple   | Entered the Ecumenical Temple
  2794 | Temple   | Found a transporter.
  2794 | Temple   | Found a transporter.
  2796 | Temple   | Found a transporter.
  2796 | Temple   | Found a transporter.
  2815 | Temple   | Became a worshipper of Vehumet
  2881 | D:4      | Noticed a black bear
  2943 | D:4      | Noticed Grinder
  2948 | D:4      | Killed Grinder
  2949 | D:4      | Reached skill level 5 in Earth Magic
  2949 | D:4      | Reached XP level 6. HP: 9/35 MP: 4/10
  3058 | D:4      | Found a sparkling altar of Nemelex Xobeh.
  3071 | D:4      | Reached skill level 6 in Earth Magic
  3140 | D:4      | Noticed Menkaure
  3147 | D:4      | Killed Menkaure
  3148 | D:4      | Reached XP level 7. HP: 40/40 MP: 5/12
  3449 | D:4      | Reached skill level 7 in Earth Magic
  3707 | D:4      | HP: 2/40 [wight/+0 dire flail (9)]
  3721 | D:4      | Reached XP level 8. HP: 22/44 MP: 2/14
  3970 | D:4      | Reached skill level 8 in Earth Magic
  4201 | D:5      | Entered Level 5 of the Dungeon
  4205 | D:5      | Reached skill level 1 in Short Blades
  4229 | D:5      | Reached skill level 1 in Conjurations
  4289 | D:5      | Reached skill level 5 in Armour
  4342 | D:5      | Reached * piety under Vehumet
  4342 | D:5      | Offered knowledge of Shock by Vehumet.
  4345 | D:5      | Learned a level 1 spell: Shock
  4436 | D:5      | Reached skill level 9 in Earth Magic
  4476 | D:5      | Noticed Ijyb
  4487 | D:5      | Killed Ijyb
  4530 | D:5      | Identified the +1 leather armour "Niamipoa" {rElec MP+9}
  4981 | D:5      | Reached skill level 1 in Air Magic
  4981 | D:5      | Reached XP level 9. HP: 46/48 MP: 12/16
  5344 | D:3      | Bought a +0 cloak for 45 gold pieces
  5344 | D:3      | Bought a +0 pair of boots for 45 gold pieces
  5540 | D:6      | Reached skill level 5 in Spellcasting
  5618 | D:6      | Noticed Dowan
  5624 | D:6      | Killed Dowan
  5625 | D:6      | Reached skill level 1 in Evocations
  5625 | D:6      | Noticed Duvessa
  5637 | D:6      | Killed Duvessa
  5787 | D:6      | Found a shimmering altar of Xom.
  6803 | D:7      | Reached skill level 10 in Earth Magic
  7344 | D:8      | Offered knowledge of Static Discharge by Vehumet.
  7345 | D:8      | Reached ** piety under Vehumet
  7391 | D:8      | Found an ancient bone altar of Kikubaaqudgha.
  7391 | D:8      | Found a sacrificial altar of Ru.
  7396 | D:8      | Noticed an orange demon
  7396 | D:8      | Noticed Amaemon
  7416 | D:8      | Killed an orange demon
  7541 | D:8      | Reached XP level 10. HP: 53/53 MP: 16/18
  7579 | D:8      | Killed Amaemon
  7809 | D:8      | Identified the +1 chain mail of Gounes {*Corrode rPois
                  | Str-5 Dex+8}
  7843 | D:8      | Noticed Psyche
  7847 | D:8      | Reached skill level 11 in Earth Magic
  8066 | D:8      | Noticed Pikel
  8210 | D:8      | Noticed a two-headed ogre
  8214 | D:8      | Slain by a two-headed ogre

Illustrated notes

Levels and vault maps discovered:
D:1:      giann_bridges, layout_basic, ebering_ecumenical_altar_abandoned
D:2:      layout_loops_cross, minmay_pentomino_v2
D:3:      layout_loops_ring, overflow_temple_1_default, serial_shops,
          nicolae_shop_waterfront
D:4:      layout_loops_ring, mainiacjoe_overflow_catwalk,
          minmay_temple_entry_mist, serial_shops, shop, uniq_menkaure,
          uniq_grinder
D:5:      layout_gridville, uniq_ijyb
D:6:      layout_loops_corners, xom_butterflies, uniq_duvessa
D:7:      layout_basic, solitary_fountain
D:8:      layout_rooms, jmf_multi_god_temple, uniq_psyche, uniq_amaemon,
          uniq_pikel
Temple:   hellmonk_temple_divided_pantheon

Skill      XL: |  1  2  3  4  5  6  7  8  9 10 |
---------------+-------------------------------+-----
Transmutations | 1 |  1.0
Earth Magic    | 4 5 6 7 9 10 11 | 11.0
Armour         | 1 2 3 4 5 6 |  6.6
Fighting       | 1 2 |  2.0
Dodging        | 2 |  2.0
Stealth        | 3 |  3.0
Spellcasting   | 3 4 5 6 |  6.0
Short Blades   | 1 2 |  2.0
Conjurations   | 2 4 |  4.5
Air Magic      | 1 2 3 |  3.0
Evocations     | 2 3 |  3.0

Action                   |  1- 3 |  4- 6 |  7- 9 | 10-12 || total
-------------------------+-------+-------+-------+-------++-------
Melee: Club              |     1 |     3 |       |       ||     4
       Dagger            |       |     4 |    10 |       ||    14
       Punch             |       |       |     1 |       ||     1
       Short sword       |       |       |     7 |       ||     7
Throw: Throwing net      |       |       |     3 |       ||     3
       Boomerang         |       |       |     1 |       ||     1
 Cast: Sandblast         |    50 |    35 |   174 |    17 ||   276
       Shock             |       |       |    45 |    21 ||    66
       Stone Arrow       |       |       |    17 |    10 ||    27
Evoke: Wand              |       |       |     5 |     2 ||     7
  Use: Scroll            |       |     5 |     8 |     5 ||    18
       Potion            |       |     1 |     4 |       ||     5
 Stab: Sleeping          |     1 |     1 |       |       ||     2
Armor: Robe              |     8 |     6 |    12 |       ||    26
       Skin              |       |     1 |     9 |       ||    10
       Ring mail         |       |       |     3 |       ||     3
       Leather armour    |       |       |    28 |       ||    28
       Steam dragon scal |       |       |     1 |    14 ||    15
Dodge: Dodged            |    10 |    11 |    77 |    14 ||   112

Table legend: (Time is in decaauts)
 A = Elapsed time spent in this place.
 B = Non-inter-level travel time spent in this place.
 C = Inter-level travel time spent in this place.
 D = Time resting spent in this place.
 E = Time spent auto-exploring this place.
 F = Levels seen in this place.
 G = Mean time per level.
                   A        B        C        D        E       F      G
               +--------+--------+--------+--------+--------+-----+--------+
         Total |   8361 |   7692 |    669 |   1054 |   5182 |   9 |  929.0 |
       Dungeon |   8321 |   7652 |    669 |   1054 |   5177 |   8 | 1040.1 |
        Temple |     40 |     40 |      0 |      0 |      5 |   1 |   40.0 |
               +--------+--------+--------+--------+--------+-----+--------+

Top non-repeatable levels by time:
     D:4: 1485 daAuts
     D:6: 1286 daAuts
     D:3: 1236 daAuts
     D:5: 1022 daAuts
     D:2: 904 daAuts
     D:7: 868 daAuts
     D:1: 818 daAuts
     D:8: 699 daAuts
  Temple: 40 daAuts
